 Dungeon Crawl Stone Soup version 0.30-a0-722-g3e6e8c874d (webtiles) character file.

Game seed: 3247164178908089565

1781 Hubris850 the Grappler (level 9, -1/67 HPs)
             Began as a Meteoran Gladiator on Jan 27, 2023.
             Was an Elder of Makhleb.
             Succumbed to a water moccasin's poison
             ... on level 5 of the Dungeon.
             The game lasted 00:18:44 (2301 turns).

Hubris850 the Grappler (Meteoran Gladiator)         Turns: 2301, Time: 00:18:45

Health: -1/67      AC:  7    Str: 24    XL:     9   Next: 54%
Magic:  15/15      EV: 13    Int: 12    God:    Makhleb [****..]
Gold:   204        SH:  0    Dex: 16    Spells: 8/8 levels left

rFire   + . .      SeeInvis .      - Unarmed
rCold   . . .      Faith    .    (no shield)
rNeg    . . .      Spirit   .    J - +2 leather armour {rF+}
rPois   .          Reflect  .    b - +0 helmet
rElec   .          Harm     .    (no cloak)
rCorr   .          Rampage  .    G - +0 pair of gloves
Will    +....                    (no boots)
Stlth   +                        (no amulet)
HPRegen 0.31/turn                k - +6 ring of strength
MPRegen 0.14/turn                (no ring)

@: lethally poisoned (-1 -> -21), glowing
A: sense surroundings 2, otherworldly, glowing, explore regen
a: Renounce Religion, Minor Destruction, Lesser Servant of Makhleb, Major
Destruction


You were on level 5 of the Dungeon.
You worshipped Makhleb.
Makhleb was greatly pleased with you.
You visited 1 branch of the dungeon, and saw 6 of its levels.
You also visited: Sewer.

You collected 204 gold pieces.

Inventory:

Hand Weapons
 e - a +0 hand axe
 i - a +0 short sword
 C - a +2 hand axe of flaming
Missiles
 d - a javelin (quivered)
 v - 5 atropa-tipped darts
 B - a curare-tipped dart
Armour
 a - a +0 leather armour
 b - a +0 helmet (worn)
 l - a +0 scale mail
 D - a +0 chain mail of cold resistance
 G - a +0 pair of gloves (worn)
 J - a +2 leather armour of fire resistance (worn)
Jewellery
 k - a +6 ring of strength (left hand)
Wands
 q - a wand of polymorph (3)
 E - a wand of iceblast (8)
Scrolls
 g - 3 scrolls of teleportation
 h - 2 scrolls of blinking
 n - 2 scrolls of fog
 o - a scroll of enchant weapon {unknown}
 t - a scroll of silence {unknown}
 u - a scroll of noise {unknown}
 x - a scroll of fear {unknown}
 y - a scroll of poison {unknown}
 F - a scroll of butterflies {unknown}
 I - a scroll of brand weapon {unknown}
Potions
 f - a potion of berserk rage
 j - 3 potions of haste
 m - 2 potions of heal wounds
 p - a potion of flight {unknown}
 r - a potion of magic {unknown}
 s - a potion of mutation {unknown}
 w - a potion of lignification {unknown}
 z - 2 potions of might
 A - 4 potions of curing
 H - a potion of ambrosia {unknown}


   Skills:
 - Level 2.1 Fighting
 + Level 7.2 Throwing
 - Level 3.6 Dodging
 * Level 10.3 Unarmed Combat
 + Level 7.2 Invocations


You had 8 spell levels left.
You didn't know any spells.
Your spell library contained the following spells:

 Spells                   Type           Power      Damage    Failure   Level
 Ensorcelled Hibernation  Hex/Ice        0%         N/A       50%         2
 Passwall                 Tmut/Erth      0%         N/A       50%         2
 Swiftness                Air            0%         N/A       75%         3
 Malign Gateway           Summ/Tloc      0%         N/A       100%        7
 Summon Horrible Things   Summ           0%         N/A       100%        8


Dungeon Overview and Level Annotations

Branches:
Dungeon (6/15) Zot: 1412    Sewer (visited)
 Temple: D:4-7

Altars:
Makhleb

Shops:
D:3 (


Innate Abilities, Weirdness & Mutations

You passively map the area around you.
You are easily found by Zot.
You glow in the dark.
You regain HP and MP as you explore.


Message History

The water moccasin poisons you! The bullfrog hits you.
You closely miss the water moccasin. Your punch misses the water moccasin.
The water moccasin is severely wounded.
You feel sick. The water moccasin misses you. The bullfrog hits you.
The water moccasin bites you.
You are more poisoned.
The water moccasin poisons you!
You barely miss the water moccasin.
The water moccasin is severely wounded.
You feel very sick.
The bullfrog hits you but does no damage.
The water moccasin bites you.
You are lethally poisoned!
The water moccasin poisons you!
You hit the water moccasin but do no damage.
The water moccasin is severely wounded.
* * * LOW HITPOINT WARNING * * *
You feel extremely sick.
The bullfrog hits you but does no damage.
The water moccasin bites you but does no damage.
Throw: throwing net
Press: ? - help, Q - select action, (/) - cycle Shift-Dir - straight line, f - water moccasin
Aim: a water moccasin (severely wounded, 48% to hit)
You throw a throwing net.
The throwing net hits the water moccasin.
The water moccasin is caught in the net!
The water moccasin is severely wounded.
* * * LOW HITPOINT WARNING * * *
You feel very sick.
The bullfrog hits you but does no damage.
The water moccasin struggles against the net.
Okay, then.
Unknown command.
* * * LOW HITPOINT WARNING * * *
You feel very sick. The bullfrog misses you.
The water moccasin struggles against the net.
The bullfrog hits you but does no damage.
You climb upwards.
You die...

###...........# #.....##.# ####
#.....<.......# ###.####.# #...
#.#.##.###.##.#####.#.##.###.##
,*#.# #...........#......#.# ,
, #.######..##...#..#####.## *
* ... ...#..##..........###
#.####.#..##...##.###.# ,
#.##......###.###.# #.#
#.##.##..@F.#.###.# #.# *
*#.##.###.......###.#### ,
..##.# #..........#.... ##....#
#.#.#######.#### ####.......#
#.# # ######### #.# *# #.....
######


You could see a bullfrog.

Vanquished Creatures
  Pikel (D:4)
  Grinder (D:3)
  An ogre (D:5)
  3 phantoms
  A lemure (D:4)
  A kobold brigand (D:4)
  4 necrophages
  A scorpion (D:6)
  2 jellies (D:5)
  An orc priest (D:5)
  2 hounds (D:5)
  An iguana (D:4)
  A hell rat (Sewer)
  Ijyb (D:3)
  Natasha (thrice) (D:4)
  2 river rats
  5 adders
  2 shadow imps
  4 worms
  3 dart slugs
  11 orcs
  7 bats
  7 endoplasms
  4 giant cockroaches
  6 hobgoblins
  4 jackals (D:4)
  4 quokkas
  6 ball pythons
  2 frilled lizards (D:3)
  6 goblins
  3 kobolds
  13 rats
113 creatures vanquished.

Notes
Turn   | Place    | Note
-------+----------+-------------------------------------------
     0 | D:1      | Hubris850 the Meteoran Gladiator began the quest for the
                  | Orb.
     0 | D:1      | Reached XP level 1. HP: 17/17 MP: 2/2
    92 | D:1      | Found a faded altar of an unknown god.
   125 | D:1      | Reached XP level 2. HP: 23/24 MP: 3/3
   131 | D:1      | Prayed at the altar of an unknown god.
   131 | D:1      | Became a worshipper of Makhleb the Destroyer
   131 | D:1      | Reached * piety under Makhleb
   186 | D:1      | Reached skill level 4 in Unarmed Combat
   257 | D:3      | Noticed a phantom
   366 | D:2      | Reached XP level 3. HP: 29/29 MP: 4/4
   381 | D:2      | Reached skill level 1 in Invocations
   517 | D:3      | Reached XP level 4. HP: 36/36 MP: 4/6
   525 | D:3      | Noticed Grinder
   537 | D:3      | Killed Grinder
   538 | D:3      | Reached skill level 6 in Unarmed Combat
   538 | D:3      | Reached XP level 5. HP: 12/41 MP: 6/8
   538 | D:3      | Reached XP level 6. HP: 14/48 MP: 6/9
   593 | D:3      | Reached ** piety under Makhleb
   594 | D:3      | Reached XP level 7. HP: 55/55 MP: 10/10
   636 | D:3      | Noticed Ijyb
   709 | D:3      | Killed Ijyb
   876 | D:3      | Found Fekhirph's Antique Weapon Shop.
   996 | D:4      | Noticed Natasha
  1001 | D:4      | Killed Natasha
  1016 | D:4      | Reached skill level 7 in Unarmed Combat
  1111 | D:4      | Noticed Pikel
  1135 | D:4      | Killed Pikel
  1136 | D:4      | Reached skill level 5 in Throwing
  1136 | D:4      | Reached skill level 8 in Unarmed Combat
  1136 | D:4      | Reached skill level 5 in Invocations
  1136 | D:4      | Reached XP level 8. HP: 43/61 MP: 11/13
  1147 | D:4      | Noticed Natasha
  1156 | D:4      | Killed Natasha
  1304 | D:4      | Noticed Natasha
  1312 | D:4      | Killed Natasha
  1313 | D:4      | Reached skill level 9 in Unarmed Combat
  1335 | D:4      | Gained mutation: You passively map the area around you.
                  | [Meteoran growth]
  1335 | D:4      | Reached XP level 9. HP: 61/67 MP: 14/14
  1375 | D:4      | Reached *** piety under Makhleb
  1575 | D:5      | Entered Level 5 of the Dungeon
  1865 | D:5      | Reached skill level 10 in Unarmed Combat
  1955 | D:5      | Found a glowing drain.
  1959 | Sewer    | Entered a sewer
  2259 | D:6      | Reached **** piety under Makhleb
  2301 | D:5      | Succumbed to a water moccasin's poison

Illustrated notes

Levels and vault maps discovered:
D:1:      dpeg_chamrin_arrival_tetris, layout_basic,
          chequers_ecumenical_altar_island, st_stairs_3
D:2:      layout_basic, kennysheep_nondescript
D:3:      layout_rooms, grunt_temple_overflow_forces_of_nature, serial_shops,
          nicolae_shop_waterfront, uniq_grinder, uniq_ijyb
D:4:      minmay_recursive_quarters, layout_basic, uniq_natasha, uniq_pikel
D:5:      layout_loops_ring, gammafunk_ghost_nasty_kobolds,
          gup_sewer_entry_spiral
D:6:      layout_rooms, nicolae_overflow_hidden_temple, uniq_eustachio,
          uniq_edmund

Skill      XL: |  1  2  3  4  5  6  7  8  9 |
---------------+----------------------------+-----
Unarmed Combat | 4 6 8 9 10 | 10.3
Invocations    | 1 3 5 6 7 |  7.2
Throwing       | 3 4 5 6 7 |  7.2
Fighting       | |  2.1
Dodging        | |  3.6

Action                     |  1- 3 |  4- 6 |  7- 9 || total
---------------------------+-------+-------+-------++-------
  Melee: Short sword       |    48 |       |       ||    48
         Hand axe          |     5 |       |       ||     5
         Punch             |     5 |       |    17 ||    22
         Unarmed           |    36 |    26 |   301 ||   363
  Throw: Throwing net      |       |     2 |     5 ||     7
 Invoke: Minor Destruction |       |       |     2 ||     2
    Use: Scroll            |       |       |     7 ||     7
   Stab: Held in net/web   |       |     3 |     2 ||     5
 Armour: Leather armour    |    16 |       |     7 ||    23
         Scale mail        |    16 |     5 |    52 ||    73
         Skin              |       |       |     3 ||     3
         Chain mail        |       |       |    38 ||    38
  Dodge: Dodged            |    62 |    12 |   107 ||   181

Table legend: (Time is in decaauts)
 A = Elapsed time spent in this place.
 B = Non-inter-level travel time spent in this place.
 C = Inter-level travel time spent in this place.
 D = Time resting spent in this place.
 E = Time spent auto-exploring this place.
 F = Levels seen in this place.
 G = Mean time per level.
                   A        B        C        D        E       F      G
               +--------+--------+--------+--------+--------+-----+--------+
         Total |   2291 |   2205 |     86 |     10 |      0 |   7 |  327.3 |
       Dungeon |   2187 |   2101 |     86 |     10 |      0 |   6 |  364.5 |
         Sewer |    104 |    104 |      0 |      0 |      0 |   1 |  104.0 |
               +--------+--------+--------+--------+--------+-----+--------+

Top non-repeatable levels by time:
     D:5: 601 daAuts
     D:4: 563 daAuts
     D:3: 432 daAuts
     D:2: 294 daAuts
     D:1: 244 daAuts
   Sewer: 104 daAuts
     D:6: 49 daAuts
